 Dungeon Crawl Stone Soup version 0.30-a0-808-g6e0788376e (webtiles) character file.

Game seed: 574327092706033176

29272 pokeman the Eclecticist (level 13, -24/72 HPs)
             Began as a Deep Elf Hedge Wizard on Feb 26, 2023.
             Was a High Priest of Vehumet.
             Hit by a large rock thrown by a cyclops (27 damage)
             ... on level 14 of the Dungeon.
             The game lasted 00:41:34 (14591 turns).

pokeman the Eclecticist (Deep Elf Hedge Wizard)    Turns: 14591, Time: 00:41:35

Health: -24/72     AC: 10    Str:  7    XL:     13   Next: 14%
Magic:  24/46      EV: 12    Int: 37    God:    Vehumet [*****.]
Gold:   907        SH:  0    Dex: 14    Spells: 24/49 levels left

rFire   + + .      SeeInvis .    r - +3 rapier of Tortfeasance {freeze, MP+9}
rCold   x x .      Faith    .    (no shield)
rNeg    . . .      Spirit   .    J - +3 salamander hide armour {Flames, rFlCloud rF++ rC--}
rPois   +          Reflect  .    T - +1 hat {Will+}
rElec   .          Harm     .    N - +0 cloak {rPois}
rCorr   .          Rampage  .    (no gloves)
Will    ++...                    u - +0 pair of boots
Stlth   ++                       n - amulet of magic regeneration
HPRegen 0.32/turn                w - +6 ring of intelligence
MPRegen 0.70/turn                i - +6 ring of intelligence

@: studying Armour
A: no striking features
a: Renounce Religion


You were on level 14 of the Dungeon.
You worshipped Vehumet.
Vehumet was extremely pleased with you.
You visited 2 branches of the dungeon, and saw 15 of its levels.
You also visited: Ossuary.

You collected 1075 gold pieces.
You spent 168 gold pieces at shops.

Inventory:

Hand Weapons
 g - the +6 shillelagh "Devastator" {shatter}
   (You found it on level 11 of the Dungeon)
 r - the +3 rapier of Tortfeasance (weapon) {freeze, MP+9}
   (You found it on level 2 of the Dungeon)

   MP:        It affects your magic capacity (+9).
Missiles
 f - 5 curare-tipped darts
Armour
 q - the +18 Lear's hauberk
   (You found it on level 12 of the Dungeon)
 s - a -2 hat of intelligence
 u - a +0 pair of boots (worn)
 J - the +3 salamander hide armour (worn) {Flames, rFlCloud rF++ rC--}
   (You found it on level 6 of the Dungeon)

   Flames:    It surrounds you with flame clouds and enhances your fire magic.
   rFlCloud:  It grants immunity to flame clouds.
   rF:        It greatly protects you from fire.
   rC:        It makes you very vulnerable to cold.
 N - a +0 cloak of poison resistance (worn)
 T - a +1 hat of willpower (worn)
Magical Staves
 k - a staff of air
Jewellery
 a - a +4 ring of protection
 i - a +6 ring of intelligence (right hand)
 n - an amulet of magic regeneration (around neck)
 w - a +6 ring of intelligence (left hand)
 A - a ring of willpower
Wands
 c - a wand of charming (6)
 t - a wand of roots (3)
 v - a wand of polymorph (6)
 B - a wand of digging (5)
Scrolls
 e - 4 scrolls of magic mapping
 j - 2 scrolls of butterflies
 x - 4 scrolls of teleportation
 I - 3 scrolls of poison
 K - 2 scrolls of enchant weapon {unknown}
 M - 5 scrolls of blinking
 S - a scroll of torment {unknown}
 U - a scroll of silence {unknown}
 V - 2 scrolls of fog {unknown}
Potions
 b - a potion of resistance
 d - 4 potions of magic
 h - a potion of haste
 l - 8 potions of curing
 o - a potion of might
 p - 5 potions of heal wounds
 G - a potion of brilliance
 P - a potion of ambrosia {unknown}
Miscellaneous
 m - a piece from Xom's chessboard (15/15)


   Skills:
 + Level 4.4 Fighting
 - Level 7.0 Armour
 - Level 3.0 Dodging
 - Level 3.0 Stealth
 * Level 18.6 Spellcasting
 + Level 11.2 Conjurations
 - Level 8.0 Summonings
 - Level 1.0 Necromancy
 - Level 1.1 Translocations
 + Level 6.8 Fire Magic
 - Level 1.2 Air Magic
 - Level 1.4 Poison Magic
 - Level 1.1 Evocations


You had 24 spell levels left.
You knew the following spells:

 Your Spells              Type           Power      Damage    Failure   Level
a - Magic Dart            Conj           100%       1d8       0%          1
b - Mephitic Cloud        Conj/Pois/Air  62%        N/A       1%          3
c - Call Imp              Summ           76%        N/A       1%          2
d - Blink                 Tloc           84%        N/A       1%          2
e - Fireball              Conj/Fire      50%        3d20      1%          5
f - Orb of Destruction    Conj           43%        9d12      3%          7
g - Iskenderun's Battles  Conj           87%        2d13      1%          5

Your spell library contained the following spells:

 Spells                   Type           Power      Damage    Failure   Level
 Ozocubu's Refrigeration  Ice            17%        4d11      92%         7
 Slow                     Hex            100%       N/A       1%          1
 Cigotuvi's Dreadful Rot  Necr/Pois/Air  86%        N/A       1%          2
 Ensorcelled Hibernation  Hex/Ice        68%        N/A       1%          2
 Poisonous Vapours        Pois/Air       88%        N/A       1%          2
 Hailstorm                Conj/Ice       66%        3d14      1%          3
 Conjure Ball Lightning   Conj/Air       34%        3x3d11    4%          6
 Ice Form                 Ice/Tmut       34%        N/A       13%         4
 Simulacrum               Ice/Necr       19%        N/A       85%         6


Dungeon Overview and Level Annotations

Branches:
Dungeon (14/15)            Temple (1/1) D:6            Lair (0/5) D:9
    Orc (0/2) D:12         Vaults (0/5) D:14        Ossuary (visited)

Altars:
Ashenzari
Cheibriados
Dithmenos
Elyvilon
Fedhas
Gozag
Nemelex Xobeh
Qazlal
Ru
Sif Muna
Trog
Uskayaw
Vehumet
Wu Jian
Xom
Yredelemnul
Zin

Shops:
D:2 (   D:8 :   D:12 *   D:13 !

Annotations:
D:11 1 runed translucent door, cforsyth's ghost, journeyman KoBr


Message History

The arrow hits you but does no damage.
Casting: Fireball (mildly dangerous; 1% risk of failure)
Confirm with . or Enter, or press ? or * to list all spells.
Aiming: Fireball (mildly dangerous; 1% risk of failure)
Press: ? - help, Shift-Dir - straight line, f - centaur
Aim: a centaur, wielding a +0 shortbow You feel a surge of power!
The fireball explodes!
The fireball engulfs the centaur!!
You kill the centaur!
Vehumet accepts your kill.
You are too injured to fight recklessly!
A boulder beetle comes into view.
Casting: Fireball (mildly dangerous; 1% risk of failure)
Confirm with . or Enter, or press ? or * to list all spells.
Aiming: Orb of Destruction (dangerous; 3% risk of failure)
Press: ? - help, Shift-Dir - straight line, f - boulder beetle
Aim: a boulder beetle (wandering, hasn't noticed you)
The orb of destruction hits the boulder beetle!!!
The boulder beetle is severely wounded.
Casting: Orb of Destruction (dangerous; 3% risk of failure)
Confirm with . or Enter, or press ? or * to list all spells.
Aiming: Orb of Destruction (dangerous; 3% risk of failure)
Press: ? - help, Shift-Dir - straight line, f/p - boulder beetle
Aim: a boulder beetle (severely wounded)
The boulder beetle curls into a ball and begins rolling!
The orb of destruction hits the boulder beetle!!!
You blow up the boulder beetle!
Vehumet accepts your kill.
You feel your power returning.
A cyclops comes into view.
Casting: Orb of Destruction (dangerous; 3% risk of failure)
Confirm with . or Enter, or press ? or * to list all spells.
Aiming: Orb of Destruction (dangerous; 3% risk of failure)
Press: ? - help, Shift-Dir - straight line, f - cyclops
Aim: a cyclops, quivering large rocks The cyclops throws a large rock.
The large rock hits you!!!
Ouch! That really hurt!
* * * LOW HITPOINT WARNING * * *
The cyclops throws a large rock.
The large rock hits you!!
You die...

..# #.....#
##.............
#.# ##...##
##....##..°)..
..# #....#
###........C.[.#
.## ##.###
#.........).....
## #.#
##.............)
###
#......○*)....))
##..†.☼...##.#).
##○°○..###.
#○@○.......
##○#.......
####.......
######.. #


You could see a cyclops (ally target).

Vanquished Creatures
  Gastronok (D:8)
  Josephine (D:12)
  A hydra (D:14)
  3 centaur warriors
  2 dancing weapons (D:14)
  2 boulder beetles
  A tengu warrior (D:12)
  5 two-headed ogres
  An ugly thing (D:12)
  An orc sorcerer (D:14)
  2 manticores
  A cyclops (D:14)
  Maggie (D:6)
  A gargoyle (D:11)
  A komodo dragon (D:6)
  Psyche (D:8)
  An efreet (D:14)
  2 tengu conjurers (D:14)
  4 trolls
  A hornet (D:6)
  Grinder (D:6)
  Prince Ribbit (D:6)
  10 slime creatures
  A shadow (D:10)
  A jumping spider (shapeshifter) (D:12)
  5 wraiths
  A centaur simulacrum (D:14)
  Eustachio (D:5)
  12 yaks
  Grum (D:8)
  A steam dragon (D:9)
  2 acid dragons
  15 vampire mosquitoes
  Edmund (D:6)
  Duvessa (D:5)
  A swamp drake (D:12)
  8 orc warriors
  A black bear (D:7)
  An ice beast (D:7)
  4 ogres
  13 centaurs
  2 phantoms
  4 wolves (D:8)
  Blork the orc (D:4)
  A kobold brigand (D:10)
  2 bullfrogs (D:9)
  3 necrophages
  2 gnoll sergeants
  3 scorpions
  11 wights
  2 jellies
  Dowan (D:5)
  9 killer bees (D:9)
  5 howler monkeys
  11 orc priests
  6 hounds
  A human zombie (Ossuary)
  Crazy Yiuf (D:6)
  Jessica (D:2)
  4 iguanas
  17 orc wizards
  Natasha (thrice) (D:2)
  Ijyb (D:5)
  A hound zombie (Ossuary)
  4 mummies (Ossuary)
  16 gnolls
  6 adders
  3 white imps (D:6)
  An adder zombie (Ossuary)
  2 worms
  A dart slug (D:1)
  64 orcs
  7 endoplasms
  6 giant cockroaches
  3 gnoll zombies (Ossuary)
  5 goblins
  11 hobgoblins
  2 jackals (D:2)
  2 quokkas
  3 ball pythons
  7 bats
  3 frilled lizards
  A goblin zombie (Ossuary)
  2 hobgoblin zombies (Ossuary)
  A jackal zombie (Ossuary)
  15 kobolds
  6 rats
  2 rat zombies (Ossuary)
  A bush (D:3)
  A toadstool (D:4)
382 creatures vanquished.

Vanquished Creatures (collateral kills)
  A yak (D:6)
  An ogre (D:5)
  A scorpion (D:4)
  An orc priest (D:4)
  2 gnolls
  An adder (D:5)
7 creatures vanquished.

Vanquished Creatures (others)
  15 fungi
  2 plants (D:10)
  A toadstool (D:4)
18 creatures vanquished.

Grand Total: 407 creatures vanquished

Notes
Turn   | Place    | Note
-------+----------+-------------------------------------------
     0 | D:1      | pokeman the Deep Elf Hedge Wizard began the quest for the
                  | Orb.
     0 | D:1      | Reached XP level 1. HP: 10/10 MP: 7/7
   333 | D:1      | Reached XP level 2. HP: 16/16 MP: 5/9
   862 | D:1      | Reached skill level 5 in Spellcasting
  1023 | D:1      | Reached XP level 3. HP: 20/20 MP: 9/11
  1027 | D:1      | Learned a level 3 spell: Mephitic Cloud
  1030 | D:1      | Learned a level 2 spell: Call Imp
  1033 | D:1      | Learned a level 2 spell: Blink
  1286 | D:2      | Found Rioran's Antique Weapon Shoppe.
  1451 | D:2      | Noticed Natasha
  1457 | D:2      | Killed Natasha
  1458 | D:2      | Reached skill level 1 in Fighting
  1458 | D:2      | Reached skill level 1 in Armour
  1526 | D:2      | Noticed Natasha
  1533 | D:2      | Killed Natasha
  1534 | D:2      | Reached XP level 4. HP: 17/25 MP: 0/13
  1828 | D:2      | Noticed Jessica
  1835 | D:2      | Killed Jessica
  2009 | D:2      | Noticed Natasha
  2016 | D:2      | Killed Natasha
  2017 | D:2      | Reached skill level 6 in Spellcasting
  2017 | D:2      | Reached XP level 5. HP: 28/29 MP: 10/15
  2347 | D:2      | Identified the +3 rapier of Tortfeasance {freeze, MP+9}
  2573 | D:3      | Found a shadowy altar of Dithmenos.
  3236 | D:4      | Noticed an ogre
  3246 | D:4      | Killed an ogre
  3247 | D:4      | Reached skill level 1 in Air Magic
  3247 | D:4      | Reached skill level 1 in Poison Magic
  3247 | D:4      | Reached XP level 6. HP: 34/34 MP: 17/17
  3332 | D:4      | Reached skill level 7 in Spellcasting
  3355 | D:4      | Reached skill level 1 in Evocations
  3387 | D:4      | Reached XP level 7. HP: 39/39 MP: 20/20
  3484 | D:4      | Noticed Blork the orc
  3538 | D:4      | Killed Blork the orc
  3539 | D:4      | Reached skill level 8 in Spellcasting
  3705 | D:4      | Found a hide-covered altar of Uskayaw.
  4126 | D:5      | Entered Level 5 of the Dungeon
  4170 | D:5      | Noticed a wraith
  4265 | D:5      | Noticed Duvessa
  4266 | D:5      | Noticed Dowan
  4284 | D:5      | Killed Duvessa
  4300 | D:5      | Killed Dowan
  4310 | D:5      | Reached XP level 8. HP: 18/44 MP: 22/22
  4428 | D:5      | Noticed Ijyb
  4443 | D:5      | Killed Ijyb
  4444 | D:5      | Reached skill level 9 in Spellcasting
  4493 | D:5      | Noticed Eustachio
  4500 | D:5      | Killed Eustachio
  4517 | D:5      | Reached skill level 5 in Conjurations
  5020 | D:5      | Reached skill level 10 in Spellcasting
  5293 | D:6      | Noticed Grinder
  5325 | D:6      | Noticed Maggie
  5738 | D:6      | Noticed a komodo dragon
  5759 | D:6      | Killed a komodo dragon
  5808 | D:6      | Reached XP level 9. HP: 32/48 MP: 25/25
  5897 | D:6      | Reached skill level 11 in Spellcasting
  6027 | D:6      | Killed Maggie
  6028 | D:6      | Reached skill level 5 in Summonings
  6105 | D:6      | Found a staircase to the Ecumenical Temple.
  6115 | Temple   | Entered the Ecumenical Temple
  6183 | Temple   | Became a worshipper of Vehumet
  6360 | D:6      | Found an opulent altar of Gozag.
  6362 | D:6      | Found a stormy altar of Qazlal.
  6370 | D:6      | Found a shimmering blue altar of Sif Muna.
  6371 | D:6      | Found a basalt altar of Yredelemnul.
  6371 | D:6      | Found a broken altar of Ashenzari.
  6408 | D:6      | Identified the +0 flail of Yesterday {pain, rElec rF+ rC-
                  | Will+}
  6428 | D:6      | Found a runed translucent door.
  6429 | D:6      | Noticed Crazy Yiuf
  6468 | D:6      | Killed Grinder
  6469 | D:6      | Reached skill level 1 in Necromancy
  6561 | D:6      | Reached skill level 12 in Spellcasting
  6910 | D:6      | Found the +3 salamander hide armour {Flames, rFlCloud rF++
                  | rC--}
  7027 | D:6      | Noticed Edmund
  7032 | D:6      | HP: 2/51 [Edmund/+1 heavy dire flail (20)]
  7033 | D:6      | Killed Edmund
  7298 | D:6      | Noticed Prince Ribbit
  7306 | D:6      | Killed Prince Ribbit
  7673 | D:6      | Killed Crazy Yiuf
  7722 | D:7      | Reached XP level 10. HP: 56/56 MP: 28/28
  7788 | D:7      | Reached * piety under Vehumet
  7788 | D:7      | Offered knowledge of Kiss of Death by Vehumet.
  7837 | D:7      | Found an ornate altar of the Wu Jian Council.
  8197 | D:7      | Reached skill level 13 in Spellcasting
  8407 | D:7      | Reached ** piety under Vehumet
  8407 | D:7      | Offered knowledge of Sandblast by Vehumet.
  8582 | D:8      | Found Xinkam's Tremendous Tomes.
  8623 | D:8      | Noticed Psyche
  8628 | D:8      | Found a sand-covered staircase.
  8629 | D:8      | Noticed Gastronok
  8630 | D:8      | Noticed Grum
  8636 | D:8      | Killed Grum
  8649 | Ossuary  | Entered an ossuary
  8671 | Ossuary  | Offered knowledge of Momentum Strike by Vehumet.
  8868 | D:8      | Killed Psyche
  9200 | D:8      | Killed Gastronok
  9201 | D:8      | Reached skill level 14 in Spellcasting
  9565 | D:8      | Reached *** piety under Vehumet
  9706 | D:9      | Reached XP level 11. HP: 59/61 MP: 31/31
  9707 | D:9      | Offered knowledge of Fulminant Prism by Vehumet.
  9819 | D:9      | Found a staircase to the Lair.
  9859 | D:9      | Got the Papyrus of Turbulent Hail
  9963 | D:9      | Reached skill level 15 in Spellcasting
  9978 | D:9      | Learned a level 5 spell: Fireball
  9986 | D:9      | Learned a level 7 spell: Orb of Destruction
  9992 | D:9      | Learned a level 5 spell: Iskenderun's Battlesphere
 10216 | D:9      | Reached **** piety under Vehumet
 11008 | D:5      | Reached skill level 1 in Fire Magic
 11098 | D:10     | Entered Level 10 of the Dungeon
 11114 | D:10     | Offered knowledge of Airstrike by Vehumet.
 11293 | D:10     | Reached skill level 5 in Armour
 11831 | D:10     | Found a sacrificial altar of Ru.
 11986 | D:11     | Noticed a two-headed ogre
 11995 | D:11     | Killed a two-headed ogre
 12051 | D:11     | Found a runed translucent door.
 12051 | D:11     | Noticed an eight-headed hydra
 12054 | D:11     | Noticed cforsyth's ghost (journeyman KoBr)
 12086 | D:11     | Noticed a two-headed ogre
 12086 | D:11     | Found the +6 shillelagh "Devastator" {shatter}
 12088 | D:11     | Noticed a boulder beetle
 12088 | D:11     | Noticed a two-headed ogre
 12090 | D:11     | Killed a two-headed ogre
 12092 | D:11     | Killed a boulder beetle
 12093 | D:11     | Reached skill level 16 in Spellcasting
 12095 | D:11     | Killed a two-headed ogre
 12441 | D:11     | Noticed a two-headed ogre
 12444 | D:11     | Killed a two-headed ogre
 12566 | D:12     | Noticed a brown ugly thing
 12573 | D:12     | Killed a brown ugly thing
 12574 | D:12     | Reached XP level 12. HP: 66/66 MP: 31/34
 12722 | D:12     | Found Ukeucuv's General Store.
 12735 | D:12     | Bought a scroll of blinking for 120 gold pieces
 12735 | D:12     | Bought a scroll of noise for 16 gold pieces
 12735 | D:12     | Bought a scroll of identify for 32 gold pieces
 12790 | D:12     | Reached ***** piety under Vehumet
 12790 | D:12     | Offered knowledge of Yara's Violent Unravelling by Vehumet.
 12825 | D:12     | Found a staircase to the Orcish Mines.
 12942 | D:12     | Noticed Josephine
 12959 | D:12     | Reached skill level 10 in Conjurations
 12961 | D:12     | Killed Josephine
 12967 | D:12     | Reached skill level 17 in Spellcasting
 12981 | D:12     | Noticed a tengu warrior
 12986 | D:12     | Killed a tengu warrior
 12987 | D:12     | Reached skill level 5 in Fire Magic
 13100 | D:12     | Found the +18 Lear's hauberk
 13298 | D:13     | Found Faudesu's Distillery.
 13460 | D:13     | Noticed a two-headed ogre
 13463 | D:13     | Killed a two-headed ogre
 13595 | D:13     | Noticed a centaur warrior
 13611 | D:13     | Killed a centaur warrior
 14172 | D:14     | Reached skill level 18 in Spellcasting
 14464 | D:14     | Found a gate to the Vaults.
 14476 | D:14     | Noticed a centaur warrior
 14478 | D:14     | Killed a centaur warrior
 14479 | D:14     | Reached XP level 13. HP: 68/70 MP: 37/37
 14565 | D:14     | Offered knowledge of Ozocubu's Refrigeration by Vehumet.
 14590 | D:14     | HP: 3/72 [cyclops/large rock (40)]
 14591 | D:14     | Hit by a large rock thrown by a cyclops

Illustrated notes

Levels and vault maps discovered:
D:1:      dpeg_arrival_stone_temple_mockup, layout_loops_ring,
          minmay_pentomino_v2
D:2:      layout_basic, serial_shops, nicolae_shop_advertising_works
          [nicolae_subvault_shop_adworks], minmay_misc_feat_encased,
          chequers_serial_rivers_small_a, uniq_jessica, uniq_natasha
D:3:      layout_rooms, nicolae_dithmenos_shadow_blocks, palyth_stone_intersect,
          minmay_hedge_maze
D:4:      layout_basic, kennysheep_little_box, minmay_gold_behind_fungi,
          uniq_blork_the_orc
D:5:      layout_basic, uniq_eustachio, uniq_ijyb, uniq_duvessa
D:6:      hangedman_cross_stitches, layout_gridville,
          grunt_temple_overflow_open, overflow_temple_1_default,
          minmay_temple_entry_statues_fountains, serial_rivers,
          chequers_serial_rivers_micro_e, chequers_serial_rivers_micro_d,
          chequers_serial_rivers_small_a, chequers_serial_rivers_micro_d,
          uniq_prince_ribbit1, uniq_grinder, uniq_edmund, uniq_maggie,
          uniq_crazy_yiuf_cottage
D:7:      layout_basic, nicolae_wu_jian_immortal_techniques
D:8:      layout_loops_cross, nicolae_ossuary_entry_ruins,
          minmay_misc_feat_alley, nicolae_shop_i_like_big_books,
          minmay_strange_pillars, mrwooster_statue_mirror, minivault_5,
          uniq_gastronok, uniq_psyche, uniq_grum
D:9:      layout_irregular_city, lair_entry_dummy
D:10:     layout_basic, nicolae_ru_the_path_less_chosen
D:11:     layout_big_octagon, ebering_ghost_inner_flame,
          dilly_guarded_unrand_devastator
D:12:     layout_cave_pools, erik_orc_1, serial_shops, shop,
          hellmonk_guarded_unrand_lears, uniq_josephine
D:13:     layout_basic, serial_shops, nicolae_take_the_stairs
D:14:     layout_cave_pools, erik_vaults_1, grunt_decor_clamped,
          hellmonk_bongcloud_opening, dk_noncrumbling_4, minmay_orc_keep
Temple:   oiseaux_autumnal_temple

Skill      XL: |  1  2  3  4  5  6  7  8  9 10 11 12 |
---------------+-------------------------------------+-----
Spellcasting   | 5 6 7 8 10 12 14 16 18 | 18.6
Fighting       | 1 2 3 4 |  4.4
Armour         | 1 3 4 5 7 |  7.0
Conjurations   | 2 3 4 5 7 8 9 11 | 11.2
Dodging        | 3 |  3.0
Stealth        | 3 |  3.0
Air Magic      | 1 |  1.2
Poison Magic   | 1 |  1.4
Evocations     | 1 |  1.1
Summonings     | 3 4 6 7 8 |  8.0
Necromancy     | 1 |  1.0
Fire Magic     | 4 6 |  6.8
Translocations | |  1.1

Action                     |  1- 3 |  4- 6 |  7- 9 | 10-12 | 13-15 || total
---------------------------+-------+-------+-------+-------+-------++-------
  Melee: Dagger            |     4 |    17 |       |       |       ||    21
         Club              |       |     3 |       |       |       ||     3
         Rapier            |       |    38 |    95 |   115 |       ||   248
         Punch             |       |     1 |     3 |     1 |       ||     5
   Cast: Magic Dart        |    85 |   105 |   179 |   160 |       ||   529
         Mephitic Cloud    |     2 |     5 |    33 |    24 |       ||    64
         Call Imp          |       |     6 |    13 |     1 |       ||    20
         Blink             |       |       |     7 |       |       ||     7
         Fireball          |       |       |       |    67 |     9 ||    76
         Iskenderun's Batt |       |       |       |     3 |       ||     3
         Orb of Destructio |       |       |       |       |     3 ||     3
  Evoke: Wand              |       |       |     9 |    18 |       ||    27
    Use: Scroll            |       |       |       |    17 |       ||    17
   Stab: Confused          |     2 |     2 |    18 |    10 |       ||    32
         Distracted        |       |       |     2 |       |       ||     2
 Armour: Leather armour    |     7 |    12 |    28 |    56 |     4 ||   107
  Dodge: Dodged            |     5 |    26 |    63 |   104 |     3 ||   201

Table legend: (Time is in decaauts)
 A = Elapsed time spent in this place.
 B = Non-inter-level travel time spent in this place.
 C = Inter-level travel time spent in this place.
 D = Time resting spent in this place.
 E = Time spent auto-exploring this place.
 F = Levels seen in this place.
 G = Mean time per level.
                   A        B        C        D        E       F      G
               +--------+--------+--------+--------+--------+-----+--------+
         Total |  14650 |  13826 |    824 |    895 |  10056 |  16 |  915.6 |
       Dungeon |  14064 |  13271 |    793 |    678 |   9894 |  14 | 1004.6 |
        Temple |    368 |    338 |     30 |    217 |     56 |   1 |  368.0 |
       Ossuary |    218 |    218 |      0 |      0 |    106 |   1 |  218.0 |
               +--------+--------+--------+--------+--------+-----+--------+

Top non-repeatable levels by time:
     D:6: 1965 daAuts
     D:5: 1670 daAuts
     D:1: 1285 daAuts
     D:2: 1169 daAuts
    D:13: 1039 daAuts
     D:4: 976 daAuts
     D:9: 958 daAuts
     D:7: 920 daAuts
    D:10: 868 daAuts
     D:8: 841 daAuts
     D:3: 772 daAuts
    D:12: 723 daAuts
    D:11: 564 daAuts
  Temple: 368 daAuts
    D:14: 306 daAuts
